 Dungeon Crawl Stone Soup version 0.30-b1-2-g02819fbbbe (webtiles) character file.

Game seed: 14445956360679872513

7 Dirian the Trooper (level 1, -2/20 HPs)
             Began as a Minotaur Berserker on May 15, 2023.
             Was a Follower of Trog.
             Slain by a gnoll
             ... wielding a +0 club
              (6 damage)
             ... on level 1 of the Dungeon.
             The game lasted 00:00:33 (524 turns).

Dirian the Trooper (Minotaur Berserker)              Turns: 524, Time: 00:00:34

Health: -2/20      AC:  3    Str: 21    XL:     1   Next: 91%
Magic:  0/0        EV: 12    Int:  4    God:    Trog [*.....]
Gold:   50         SH:  0    Dex:  9    Spells: 0/0 levels left

rFire   . . .        a - +0 hand axe
rCold   . . .        (no shield)
rNeg    . . .        b - +0 animal skin
rPois   .            (helmet restricted)
rElec   .            (no cloak)
rCorr   .            (no gloves)
SInv    .            e - +0 pair of boots
Will    .....        (no amulet)
Stlth   +            (no ring)
HPRegen 0.23/turn    (no ring)
MPRegen 0.07/turn

%: no passive effects
@: no status effects
A: horns 2, retaliatory headbutt
a: Renounce Religion, Berserk


You were on level 1 of the Dungeon.
You worshipped Trog.
Trog was aware of your devotion.
You visited 1 branch of the dungeon, and saw 1 of its levels.

You collected 50 gold pieces.

Inventory:

Hand Weapons
 a - a +0 hand axe (weapon)
Armour
 b - a +0 animal skin (worn)
 e - a +0 pair of boots (worn)
Scrolls
 c - a scroll of blinking {unknown}
 d - a scroll of butterflies {unknown}
 g - 2 scrolls of identify {unknown}
 i - a scroll of immolation {unknown}
Potions
 f - a potion of degeneration {unknown}
 h - a potion of might {unknown}
 j - a potion of curing {unknown}
 k - a potion of cancellation {unknown}


   Skills:
 + Level 3.9 Fighting
 + Level 3.9 Axes
 * Level 2.6 Armour
 - Level 2.1 Dodging


You couldn't memorise any spells.
You didn't know any spells.
Your spell library was empty.

Dungeon Overview and Level Annotations

Branches:
Dungeon (1/15) Zot: 5473

Altars:


Innate Abilities, Weirdness & Mutations

You have a pair of horns on your head.
You reflexively headbutt those who attack you in melee.


Message History

No target in view!
No target in view!
No target in view!
No target in view!
No target in view!
No target in view!
No target in view!
k - a purple potion You now have 34 gold pieces (gained 13).
Found 4 poisoned darts.
You now have 50 gold pieces (gained 16).
Found a scale mail.
A gnoll comes into view. It is wielding a +0 club.
A gnoll is nearby!
A gnoll is nearby!
The gnoll shouts!
The gnoll hits you with a +0 club.
You are too injured to fight recklessly!
You are too injured to fight recklessly!
You are too injured to fight recklessly!
You are too injured to fight recklessly!
You are too injured to fight recklessly!
You are too injured to fight recklessly!
You are too injured to fight recklessly!
You are too injured to fight recklessly!
You are too injured to fight recklessly!
You are too injured to fight recklessly!
You are too injured to fight recklessly!
You are too injured to fight recklessly!
You are too injured to fight recklessly!
You are too injured to fight recklessly!
You are too injured to fight recklessly!
You barely miss the gnoll. The gnoll hits you with a +0 club.
You closely miss the gnoll. Your headbutt misses the gnoll.
The gnoll hits you with a +0 club!
* * * LOW HITPOINT WARNING * * *
You slash the gnoll!
The gnoll is heavily wounded.
The gnoll hits you with a +0 club.
You die...

#. ..# #.... #.
#.##########..## #.
#[##... .(##..#
#.##.##.####.##..#
#............##..#
#....##.###..##..##
##.####............
#.# #######.....#
#@# ##...## #g#
##.## #.# #.# #.#
#.# #.# #+# #.. #.#
#.#


You could see a gnoll.

Vanquished Creatures
  2 goblins (D:1)
  2 ball pythons (D:1)
  2 bats (D:1)
  A rat (D:1)
7 creatures vanquished.

Notes
Turn   | Place    | Note
-------+----------+-------------------------------------------
     0 | D:1      | Dirian the Minotaur Berserker began the quest for the Orb.
     0 | D:1      | Reached XP level 1. HP: 19/19 MP: 0/0
   135 | D:1      | Found a faded altar of an unknown god.
   524 | D:1      | Slain by a gnoll

Illustrated notes

Levels and vault maps discovered:
D:1:      lemuel_arrival_room, layout_loops_corners,
          hellmonk_ecumenical_altar_lost_god

Action                     || total
---------------------------++-------
  Melee: Hand axe          ||    15
         Headbutt          ||     2
 Armour: Animal skin       ||     4
  Dodge: Dodged            ||    13
